 Dungeon Crawl Stone Soup version 0.29-a0-23-ga79f92ac9c (webtiles) character file.

Game seed: 7730506910736989977

135 HallandMoats the Skirmisher (level 5, -2/46 HPs)
             Began as a Ghoul Monk on Jan 30, 2022.
             Slain by Crazy Yiuf (9 damage)
             ... while paralysed by Crazy Yiuf
             ... on level 2 of the Dungeon.
             The game lasted 00:03:54 (4342 turns).

HallandMoats the Skirmisher (Ghoul Monk)            Turns: 4342, Time: 00:03:54

Health: -2/46      AC:  5    Str: 17    XL:     5   Next: 18%
Magic:  5/5        EV:  2    Int:  5    God:
Gold:   108        SH:  0    Dex: 11    Spells: 1/4 levels left

rFire   + . .      SeeInvis .     - Unarmed
rCold   + . .      Faith    .   (no shield)
rNeg    + + +      Spirit   .   h - +0 ring mail
rPois   ∞          Reflect  .   (no helmet)
rElec   .          Harm     .   (no cloak)
rCorr   .          Rampage  .   (no gloves)
Will    .....                   (no boots)
Stlth   +.........              (no amulet)
HPRegen 0.00/turn               b - ring of protection from fire
MPRegen 0.09/turn               (no ring)

@: paralysed, inhibited regen
A: claws 1, cold resistance 1, negative energy resistance 3, inhibited
regeneration, torment resistance 2
a: no special abilities


You were on level 2 of the Dungeon.
You visited 1 branch of the dungeon, and saw 3 of its levels.

You collected 108 gold pieces.

Inventory:

Armour
 h - a +0 ring mail (worn)
Jewellery
 b - a ring of protection from fire (left claw)
Wands
 a - a wand of flame (11)
Scrolls
 d - 2 scrolls of noise {unknown}
 e - 3 scrolls of identify {unknown}
 f - a scroll of teleportation {unknown}
Potions
 c - a potion of curing {unknown}
 g - a potion of attraction {unknown}
 i - a potion of heal wounds {unknown}


   Skills:
 + Level 4.2 Fighting
 + Level 1.2 Armour
 + Level 3.1 Dodging
 - Level 2.1 Stealth
 + Level 4.2 Unarmed Combat
 * Level 0.3 Spellcasting
 * Level 0.5 Ice Magic
 + Level 1.6 Invocations


You had one spell level left.
You knew the following spells:

 Your Spells              Type           Power      Damage    Failure   Level
a - Ozocubu's Armour      Ice            0%         N/A       93%         3

Your spell library contained the following spells:

 Spells                   Type           Power      Damage    Failure   Level
 Freeze                   Ice            0%         1d3       61%         1
 Olgreb's Toxic Radiance  Pois           0%         N/A       100%        4
 Alistair's Intoxication  Tmut/Pois      0%         N/A       100%        5
 Ozocubu's Refrigeration  Ice            0%         4d5       100%        7


Dungeon Overview and Level Annotations

Branches:
Dungeon (3/15)

Altars:

Annotations:
D:2 Crazy Yiuf


Innate Abilities, Weirdness & Mutations

You thrive by killing the living.
You are immune to poison.
You have sharp fingernails.
Your flesh is cold resistant. (rC+)
You are immune to negative energy. (rN+++)
You do not regenerate when monsters are visible.
You are immune to unholy pain and torment.


Message History

You open the door.
There is an open door here.
Key pressed, stopping explore.
There is an open door here.
There is an open door here.
You open the door.
There is an open door here.
Key pressed, stopping explore.
You see here a +0 club.
You open the door.
There is an open door here.
i - an inky potion You now have 108 gold pieces (gained 12).
Done exploring.
Done exploring.
Done exploring.
Done exploring.
Done exploring.
(D) Dungeon
Where to? (Enter - D:3, ? - help)
What level of the Dungeon? (default 1, ? - help)
There is a stone staircase leading up here.
You climb upwards.
Level annotation: 1 runed translucent door, Crazy Yiuf
There is a stone staircase leading down here.
You open the door.
Crazy Yiuf whimpers, "Gnoll senile illywillydillykilly!"
You barely miss Crazy Yiuf.
Crazy Yiuf laughs, "Paint!"
Crazy Yiuf hits you with a +4 quarterstaff of chaos!
You claw Crazy Yiuf!
Crazy Yiuf is moderately wounded.
Crazy Yiuf hits you with a +4 quarterstaff of chaos!
You suddenly lose the ability to move!
Crazy Yiuf hits you with a +4 quarterstaff of chaos!
* * * LOW HITPOINT WARNING * * *
Crazy Yiuf freezes you.
* * * LOW HITPOINT WARNING * * *
Crazy Yiuf hits you with a +4 quarterstaff of chaos!
You die...

#.# #.##.#.#.#
####.### ##.##
########## #......#
##...#######
#.##.#.###
......##...# #####
#.##......
......##...# #)..#
#.####.###
..#)#.##...# #...# #.#
#.# # ...........# ...
#.####.# #
.##.#.##...# #g#
#......# #
.##.#.###### #@##
######## # .##.#.#
##.# ......## #.## ##
.......# ##.# #.
###.#..# ##.## #.
###.#..# ##.P.# ####'
....#..## #P..P# #.#≈≈
###.....#### #....#
#.'≈§
...........####....###
######.#≈≈


You could see Crazy Yiuf.

Vanquished Creatures
  An iguana (D:2)
  3 adders
  3 gnolls (D:2)
  A shadow imp (D:3)
  A worm (D:2)
  An orc (D:3)
  2 ball pythons
  An endoplasm (D:2)
  2 giant cockroaches (D:2)
  6 goblins
  5 hobgoblins
  6 jackals
  3 bats (D:1)
  5 frilled lizards
  3 rats
43 creatures vanquished.

Vanquished Creatures (others)
  A fungus (D:2)
1 creature vanquished.

Grand Total: 44 creatures vanquished

Notes
Turn   | Place    | Note
-------+----------+-------------------------------------------
     0 | D:1      | HallandMoats the Ghoul Monk began the quest for the Orb.
     0 | D:1      | Reached XP level 1. HP: 19/19 MP: 0/0
   466 | D:1      | Reached XP level 2. HP: 14/26 MP: 1/1
  1119 | D:2      | Found a runed translucent door.
  1120 | D:2      | Noticed Crazy Yiuf
  1366 | D:2      | Reached XP level 3. HP: 13/33 MP: 2/2
  1798 | D:2      | Reached skill level 1 in Invocations
  1806 | D:2      | Reached XP level 4. HP: 11/40 MP: 3/3
  2068 | D:2      | Reached skill level 1 in Armour
  3063 | D:2      | Got the Papyrus of Frigorific Toxins
  3102 | D:2      | You fall into a shaft and drop 1 floor!
  3107 | D:3      | Learned a level 3 spell: Ozocubu's Armour
  3285 | D:2      | Found a faded altar of an unknown god.
  3619 | D:3      | Reached XP level 5. HP: 46/46 MP: 5/5
  4340 | D:2      | Paralysed by Crazy Yiuf for 6 turns
  4342 | D:2      | Slain by Crazy Yiuf

Illustrated notes

Levels and vault maps discovered:
D:1:      kilobyte_arrival_exit_the_forest, layout_loops_cross,
          hangedman_decor_opposing
D:2:      layout_loops_corners, shapermc_ecumenical_altar_ellora,
          chequers_avenue, minmay_liquid_box, minmay_misc_feat_room,
          nicolae_elevator_lobby_plus, uniq_crazy_yiuf_cottage
D:3:      layout_basic

Skill      XL: |  1  2  3  4 |
---------------+-------------+-----
Invocations    | 1 |  1.6
Fighting       | 4 |  4.2
Unarmed Combat | 4 |  4.2
Armour         | 1 |  1.2
Dodging        | 3 |  3.1
Stealth        | |  2.1
Spellcasting   | |  0.3
Ice Magic      | |  0.5

Action                   |  1- 3 |  4- 6 || total
-------------------------+-------+-------++-------
Melee: Unarmed           |    77 |    62 ||   139
       Punch             |     2 |     1 ||     3
 Stab: Sleeping          |     3 |     3 ||     6
       Distracted        |       |     2 ||     2
Armor: Robe              |     6 |     4 ||    10
       Ring mail         |       |     1 ||     1
Dodge: Dodged            |    34 |    36 ||    70

Table legend: (Time is in decaauts)
 A = Elapsed time spent in this place.
 B = Non-inter-level travel time spent in this place.
 C = Inter-level travel time spent in this place.
 D = Time resting spent in this place.
 E = Time spent auto-exploring this place.
 F = Levels seen in this place.
 G = Mean time per level.
                   A        B        C        D        E       F      G
               +--------+--------+--------+--------+--------+-----+--------+
         Total |   4339 |   4258 |     81 |    196 |   3526 |   3 | 1446.3 |
       Dungeon |   4339 |   4258 |     81 |    196 |   3526 |   3 | 1446.3 |
               +--------+--------+--------+--------+--------+-----+--------+

Top non-repeatable levels by time:
     D:2: 2353 daAuts
     D:1: 1225 daAuts
     D:3: 760 daAuts
